Map: Lightshade LE

Players

DPGZest (Zest) - Winner!

  • Race: Protoss Protoss

DPGDark (Dark)

  • Race: Zerg Zerg
  • League: Master

Event: TSL 7

VOD

Have the link to the VOD?

Description

Time

  • Played on: June 26, 2021, 2:35 p.m.
  • Length: 16:38

All games in this series

Show
View Real Time Build Order
Export as new Build Order

DPGZest Protoss - Winner!

Build Orders: 1 Gate Expand, Oracle Opening, Carriers 

Get SALT Encoding   

  12  0:00  Probe  
  13  0:12  Probe  
  14  0:20  Pylon  
  14  0:24  Probe  
  15  0:38  Probe (Chrono Boost)  
  15  0:39  Gateway  
  16  0:47  Probe (Chrono Boost)  
  16  0:49  Assimilator  
  17  0:52  Probe  
  18  1:04  Probe  
  19  1:16  Probe  
  20  1:25  Nexus  
  20  1:35  Cybernetics Core  
  20  1:39  Probe  
  21  1:44  Assimilator  
  21  1:51  Probe  
  22  1:54  Pylon  
  22  2:03  Probe (Chrono Boost)  
  23  2:12  Adept  
  23  2:14  Probe (Chrono Boost)  
  26  2:17  Stargate  
  26  2:18  Probe (Chrono Boost)  
  27  2:24  Warp Gate  
  27  2:32  Probe (Chrono Boost)  
  28  2:37  Probe (Chrono Boost)  
  28  2:42  Adept  
  32  2:46  Probe (Chrono Boost)  
  32  2:47  Probe (Chrono Boost)  
  33  2:51  Probe (Chrono Boost), Void Ray (Chrono Boost)  
  33  2:54  Probe  
  35  3:03  Probe  
  40  3:07  Probe, Pylon  
  41  3:14  Gateway  
  41  3:18  Probe  
  42  3:22  Probe  
  42  3:25  Oracle (Chrono Boost)  
  46  3:30  Probe  
  47  3:34  Probe  
  48  3:42  Probe  
  48  3:46  Probe  
  50  3:54  Probe  
  51  3:58  Probe  
  51  3:59  Pylon  
  51  4:01  Nexus  
  52  4:03  Assimilator  
  52  4:07  Assimilator  
  52  4:08  Pylon  
  52  4:09  Probe  
  53  4:11  Probe  
  54  4:18  Protoss Air Weapons Level 1  
  54  4:19  Stargate  
  54  4:21  Probe  
  54  4:23  Probe  
  56  4:31  Forge  
  56  4:32  Void Ray  
  56  4:33  Probe  
  56  4:35  Probe  
  62  4:45  Probe (Chrono Boost)  
  62  4:47  Probe (Chrono Boost)  
  64  4:57  Shield Battery  
  64  4:58  Probe x2 (Chrono Boost)  
  66  5:00  Pylon  
  66  5:03  Probe x2 (Chrono Boost)  
  66  5:06  Void Ray  
  68  5:09  Void Ray  
  68  5:12  Probe (Chrono Boost)  
  68  5:13  Probe (Chrono Boost)  
  75  5:19  Probe (Chrono Boost)  
  81  5:22  Probe x2 (Chrono Boost), Photon Cannon  
  81  5:25  Assimilator  
  81  5:26  Probe x2 (Chrono Boost)  
  81  5:27  Probe (Chrono Boost)  
  82  5:31  Assimilator  
  84  5:37  Probe  
  84  5:38  Probe  
  84  5:39  Probe  
  84  5:41  Robotics Facility  
  87  5:44  Photon Cannon  
  87  5:45  Pylon  
  88  5:50  Probe x2  
  88  5:51  Probe  
  88  5:56  Pylon  
  90  5:57  Void Ray x2  
  90  6:02  Probe x2  
  100  6:09  Gateway  
  100  6:10  Gateway  
  100  6:17  Gateway  
  100  6:18  Pylon  
  100  6:23  Stargate  
  100  6:24  Fleet Beacon  
  100  6:35  Pylon  
  100  6:37  Observer  
  100  6:39  Nexus  
  101  6:42  Protoss Ground Weapons Level 1, Pylon  
  109  6:56  Photon Cannon, Twilight Council  
  109  6:57  Shield Battery  
  109  7:00  Observer  
  110  7:06  Probe x3  
  113  7:08  Carrier x2 (Chrono Boost)  
  113  7:10  Carrier (Chrono Boost)  
  123  7:16  Photon Cannon  
  123  7:27  Photon Cannon  
  123  7:31  Pylon, Assimilator  
  123  7:32  Probe x3  
  123  7:33  Charge (Chrono Boost), Assimilator  
  123  7:35  Gateway, Protoss Air Weapons Level 2 (Chrono Boost)  
  126  7:43  Gateway  
  126  7:44  Gateway  
  126  7:47  Templar Archives  
  126  7:48  Probe x3  
  129  7:51  Observer  
  133  7:58  Immortal  
  133  8:00  Gateway  
  133  8:01  Gateway  
  133  8:21  Pylon  
  133  8:23  Carrier (Chrono Boost)  
  133  8:25  Observer, Carrier (Chrono Boost)  
  133  8:26  Pylon  
  145  8:30  Carrier (Chrono Boost)  
  145  8:33  Observer  
  151  8:37  Gateway  
  151  8:38  Gateway  
  151  8:40  Sentry  
  153  8:44  Immortal (Chrono Boost)  
  153  8:48  Observer  
  157  8:54  Gateway x2  
  157  9:00  Gateway  
  157  9:03  Gateway  
  157  9:09  Blink (Chrono Boost)  
  157  9:16  Protoss Ground Weapons Level 2  
  157  9:19  Photon Cannon  
  157  9:22  High Templar, Pylon  
  157  9:23  High Templar, Pylon  
  161  9:25  Pylon  
  161  9:27  Archon, High Templar x2  
  161  9:28  Zealot x3  
  171  9:37  Warp Prism (Chrono Boost)  
  171  9:40  Pylon  
  171  9:41  High Templar x2  
  171  9:42  Zealot x3, Flux Vanes  
  183  9:45  Archon  
  183  9:46  Archon  
  183  10:00  High Templar x2, Zealot x4  
  183  10:01  Zealot x2  
  183  10:05  Archon  
  194  10:29  Zealot x4  
  180  10:40  Zealot  
  180  10:42  Zealot x3  
  152  10:43  Zealot x5  
  150  10:51  Zealot x7  
  150  10:54  Observer  
  161  11:05  High Templar x9  
  161  11:08  Archon  
  161  11:09  Archon x3  
  169  11:11  Zealot  
  169  11:12  Zealot x4  
  169  11:16  Zealot  
  169  11:17  Zealot  
  163  11:23  Immortal (Chrono Boost)  
  139  11:35  Zealot x5  
  139  11:38  Protoss Ground Armor Level 1 (Chrono Boost)  
  135  11:43  High Templar x4, Sentry  
  135  11:44  Zealot x10  
  165  11:48  Robotics Facility  
  165  11:53  Immortal (Chrono Boost)  
  165  12:00  Archon x2  
  169  12:12  Robotics Facility  
  169  12:13  Observer  
  169  12:14  Zealot  
  169  12:15  Zealot  
  173  12:17  Zealot  
  173  12:18  Zealot x2  
  173  12:19  Zealot x2  
  166  12:31  Immortal (Chrono Boost)  
  170  12:39  High Templar x4  
  182  12:44  Archon x2  
  182  12:45  Immortal (Chrono Boost)  
  182  12:52  Nexus  
  182  12:54  Pylon  
  182  12:56  Pylon  
  182  13:00  Immortal x2 (Chrono Boost)  
  179  13:27  Observer  
  179  13:34  High Templar  
  179  13:35  High Templar x5, Zealot x4  
  179  13:39  Archon x2  
  179  13:40  Archon  
  199  13:53  Observer  
  200  13:56  Dark Shrine  
  200  14:15  Observer  
  185  14:19  Stalker  
  185  14:20  Stalker x6  
  189  14:31  Zealot x3  
  189  14:32  Zealot x2  
  193  14:56  Zealot x2  
  193  14:57  Zealot  
  193  14:59  Zealot x2  
  191  15:00  Zealot x4  
  197  15:15  Dark Templar x2, Cybernetics Core  
  199  15:26  Cybernetics Core  
  199  15:28  Gateway  
  199  15:33  Photon Cannon  
  200  15:49  Observer (Chrono Boost)  
  180  16:12  Stalker x11  
  185  16:21  Stalker x2  
Show
View Real Time Build Order
Export as new Build Order

DPGDark Zerg 

Build Orders: Hatch First 

Get SALT Encoding   

  12  0:00  Drone  
  13  0:13  Overlord  
  13  0:16  Drone  
  14  0:31  Drone x2  
  16  0:38  Drone  
  18  0:50  Drone  
  18  0:54  Hatchery  
  17  0:58  Drone  
  17  1:03  Extractor  
  17  1:13  Spawning Pool  
  17  1:15  Drone  
  17  1:22  Drone  
  18  1:32  Drone  
  19  1:42  Drone  
  20  1:53  Hatchery  
  19  1:55  Drone  
  20  2:06  Drone, Metabolic Boost  
  20  2:07  Zergling x2  
  22  2:12  Drone  
  23  2:18  Queen  
  25  2:26  Overlord  
  25  2:28  Drone  
  26  2:32  Drone  
  27  2:39  Drone  
  27  2:43  Queen  
  30  2:47  Drone x2  
  30  2:50  Drone  
  33  2:57  Queen  
  35  3:00  Drone  
  35  3:05  Queen  
  37  3:09  Zergling x2  
  37  3:10  Overlord  
  38  3:13  Zergling x2  
  38  3:14  Zergling x2  
  38  3:16  Drone  
  38  3:18  Drone  
  42  3:30  Drone x3  
  42  3:33  Drone, Queen  
  48  3:38  Overlord  
  48  3:40  Zergling x2  
  49  3:45  Overlord  
  49  3:56  Spore Crawler x2  
  49  3:57  Drone  
  50  4:03  Evolution Chamber, Overlord  
  50  4:04  Drone x4  
  50  4:07  Drone x2  
  53  4:10  Drone x4  
  55  4:18  Drone  
  55  4:19  Drone x2  
  55  4:22  Drone x2  
  55  4:23  Drone  
  61  4:26  Drone x2  
  61  4:30  Zerg Melee Weapons Level 1  
  63  4:32  Extractor, Drone x3  
  63  4:34  Baneling Nest  
  63  4:37  Drone x2  
  66  4:42  Overlord  
  66  4:50  Overlord  
  66  4:54  Overlord  
  66  5:00  Queen  
  66  5:02  Drone x4  
  66  5:03  Drone x3, Hatchery  
  74  5:08  Lair  
  74  5:10  Drone x2  
  74  5:11  Drone  
  74  5:13  Drone x2  
  79  5:19  Roach Warren  
  79  5:20  Drone x3  
  81  5:23  Queen  
  81  5:27  Extractor  
  82  5:28  Drone  
  82  5:29  Drone x3, Extractor  
  82  5:34  Drone, Evolution Chamber  
  82  5:35  Overlord  
  84  5:38  Queen  
  84  5:39  Extractor x2  
  84  5:47  Zergling x6, Overlord x2  
  84  5:48  Overlord  
  84  5:49  Drone  
  88  5:50  Drone  
  88  5:54  Drone  
  88  5:55  Drone  
  91  5:59  Queen  
  91  6:01  Drone x4  
  97  6:09  Zerg Ground Armor Level 1  
  97  6:11  Queen, Infestation Pit  
  96  6:13  Queen  
  96  6:15  Drone  
  96  6:16  Drone x4  
  105  6:19  Drone x3  
  105  6:20  Drone  
  105  6:23  Overlord  
  105  6:25  Drone x2  
  111  6:31  Extractor  
  110  6:33  Spore Crawler  
  110  6:34  Extractor, Roach x3  
  110  6:37  Glial Reconstitution  
  110  6:39  Roach x2  
  119  6:40  Roach  
  119  6:42  Roach x2  
  119  6:45  Drone x2  
  125  6:49  Drone x5  
  125  6:53  Hive  
  130  6:55  Pathogen Glands  
  130  6:58  Drone x3  
  130  6:59  Drone  
  130  7:00  Drone x2  
  135  7:09  Zerg Melee Weapons Level 2  
  135  7:14  Overlord  
  135  7:15  Centrifical Hooks  
  135  7:19  Hatchery, Overlord x3  
  134  7:32  Queen x3  
  134  7:34  Drone x3  
  134  7:36  Overlord  
  143  7:42  Infestor x6  
  155  7:47  Drone x7  
  162  7:57  Drone x9  
  170  7:58  Overlord  
  170  8:04  Infestor x2  
  174  8:07  Ultralisk Cavern  
  174  8:08  Queen  
  174  8:10  Zergling x2  
  174  8:11  Overlord  
  174  8:12  Extractor, Burrow  
  175  8:15  Extractor, Queen  
  175  8:16  Queen  
  175  8:17  Overlord x2  
  178  8:27  Spore Crawler  
  177  8:28  Zergling x12, Spore Crawler  
  177  8:29  Spore Crawler  
  177  8:31  Zerg Ground Armor Level 2  
  177  8:32  Spore Crawler  
  180  8:34  Adrenal Glands  
  180  8:42  Viper  
  180  8:43  Queen  
  180  8:47  Viper  
  187  8:50  Zergling x2, Spore Crawler  
  187  8:51  Zergling x24  
  187  8:55  Chitinous Plating  
  199  9:00  Spore Crawler  
  198  9:10  Neural Parasite  
  198  9:15  Spire  
  197  9:24  Spore Crawler x3  
  197  9:25  Spore Crawler  
  197  9:26  Spore Crawler x3  
  197  9:30  Spore Crawler x5  
  185  9:32  Spore Crawler x2  
  185  9:33  Spore Crawler  
  185  9:35  Spore Crawler, Ultralisk x3  
  199  9:39  Spore Crawler  
  198  9:46  Infestor x5  
  198  9:47  Infestor x3  
  198  9:52  Spire, Zerg Melee Weapons Level 3  
  197  9:53  Baneling x7  
  197  9:54  Baneling x4  
  197  9:58  Drone x6  
  199  10:05  Spore Crawler  
  198  10:10  Hatchery  
  196  10:20  Baneling x9  
  188  10:22  Infestor x2  
  170  10:36  Ultralisk x4  
  170  10:42  Infestor x2  
  165  10:46  Zergling x32  
  171  10:52  Ultralisk  
  171  10:53  Zergling x4  
  171  10:55  Zergling x4  
  171  11:00  Zergling x2  
  171  11:01  Zergling x6  
  171  11:07  Ultralisk  
  171  11:10  Zergling x2  
  164  11:14  Ultralisk  
  164  11:17  Zergling x2  
  164  11:18  Zergling x14  
  164  11:27  Queen x2  
  161  11:35  Ultralisk x2  
  161  11:38  Infestor x2  
  175  11:43  Infestor  
  175  11:44  Infestor  
  179  11:48  Queen x2  
  179  11:51  Queen  
  179  11:52  Greater Spire  
  179  11:54  Baneling x5  
  185  11:59  Viper  
  188  12:03  Zergling x16  
  188  12:06  Queen  
  198  12:18  Overlord  
  198  12:22  Overlord  
  191  12:27  Viper  
  191  12:29  Infestor x2  
  196  12:36  Zergling x14  
  199  12:51  Baneling  
  199  12:52  Baneling x14  
  199  12:53  Spore Crawler x2  
  199  12:55  Zerg Flyer Weapons Level 1  
  197  13:07  Drone x2  
  199  13:15  Spore Crawler  
  199  13:17  Spore Crawler  
  199  13:18  Spore Crawler  
  193  13:24  Spore Crawler  
  189  13:28  Corruptor x7  
  189  13:32  Spore Crawler  
  196  13:34  Spore Crawler x2  
  196  13:37  Zerg Flyer Armor Level 1  
  192  13:41  Corruptor x2  
  198  13:56  Spore Crawler  
  198  13:57  Spore Crawler  
  198  14:02  Anabolic Synthesis  
  196  14:09  Brood Lord x5  
  199  14:11  Drone x12  
  199  14:20  Infestor x2  
  199  14:26  Brood Lord  
  199  14:27  Brood Lord x2  
  199  14:31  Infestor x3  
  193  14:42  Brood Lord  
  181  14:59  Ultralisk x3  
  175  15:00  Zergling x18  
  181  15:09  Ultralisk  
  172  15:16  Zergling x10, Ultralisk x2  
  189  15:24  Drone  
  189  15:25  Baneling x3  
  189  15:26  Baneling x15  
  189  15:31  Zergling x8  
  189  15:34  Hatchery, Drone  
  189  15:35  Infestor x2  
  193  15:37  Drone  
  193  15:38  Zergling x4  
  196  15:46  Infestor x2  
  142  16:18  Zergling x8  
  142  16:19  Zergling x6  
Tags
 
Add a new tag
Caveats
  • Supply blocks, unpowered buildings, or Contaminate may cause inaccurate times.
  • Supply counts are checked every 10 seconds.